 Dungeon Crawl Stone Soup version 0.20.1-1-g8b1a95d (webtiles) character file.

189 exaltech the Conjurer (level 5, -5/38 HPs)
             Began as a Draconian Conjurer on Dec 8, 2017.
             Killed from afar by Robin (14 damage)
             ... with a wand of flame (?/48)
             ... on level 3 of the Dungeon.
             The game lasted 00:10:38 (3819 turns).

exaltech the Conjurer (Draconian Conjurer)          Turns: 3819, Time: 00:10:39

Health: -5/38      AC:  5    Str: 11    XL:     5   Next: 40%
Magic:  1/8        EV: 12    Int: 16    God:
Gold:   245        SH:  0    Dex: 11    Spells: 2/8 levels left

rFire    . . .     SeeInvis .   f - staff of earth
rCold    . . .     Gourm    .   (no shield)
rNeg     . . .     Faith    .   (armour unavailable)
rPois    .         Spirit   .   (helmet restricted)
rElec    .         Reflect  .   (no cloak)
rCorr    .         Harm     .   (no gloves)
MR       .....                  (no boots)
Stlth    ++........             (no amulet)
Regen    0.2/turn               (no ring)
MPRegen  0.2/turn               (no ring)

@: very slightly contaminated
A: unfitting armour, cold-blooded, AC +5
a: no special abilities


You were on level 3 of the Dungeon.
You were hungry.

You visited 1 branch of the dungeon, and saw 4 of its levels.

You collected 245 gold pieces.

Inventory:

Hand Weapons
 g - a +3 dagger of holy wrath
 m - a -3 quarterstaff
Magical Staves
 f - an uncursed staff of earth (weapon)
Jewellery
 e - an uncursed ring of magical power {unknown}
 t - an uncursed amulet of regeneration {unknown}
Scrolls
 d - 3 scrolls of identify
 h - a scroll of remove curse
 k - 3 scrolls of fear
 l - a scroll of recharging
 s - a scroll of immolation {unknown}
Potions
 c - a potion of lignification {unknown}
 j - a potion of magic {unknown}
 n - 5 potions of berserk rage
 o - 3 potions of heal wounds {unknown}
 p - a potion of curing {unknown}
 q - a potion of cancellation {unknown}
 r - a potion of flight {unknown}
 u - a potion of experience {unknown}
Books
 a - a book of Conjurations

   Spells                             Type                      Level
   a - Magic Dart                     Conjuration                  1
   b - Searing Ray                    Conjuration                  2
   c - Dazzling Spray                 Conjuration/Hexes            3
   d - Fulminant Prism                Conjuration/Hexes            4
   e - Force Lance                    Conjuration/Translocation    4
   f - Iskenderun's Mystic Blast      Conjuration                  4
Comestibles
 b - 3 bread rations
 i - 2 royal jellies


   Skills:
 - Level 1.7 Dodging
 - Level 1.7 Stealth
 - Level 2.0 Spellcasting
 + Level 6.7 Conjurations


You had 2 spell levels left.
You knew the following spells:

 Your Spells              Type           Power        Failure   Level  Hunger
a - Magic Dart            Conj           ###.         1%          1    #......
b - Searing Ray           Conj           ###...       1%          2    ###....
c - Dazzling Spray        Conj/Hex       ##....       16%         3    ###....


Dungeon Overview and Level Annotations

Branches:
Dungeon (4/15)
 Temple: D:4-7

Altars:
The Shining One

Annotations:
D:3 Robin


Innate Abilities, Weirdness & Mutations

Your plain brown scales are hard. (AC +5)
You cannot fit into any form of body armour.
You are cold-blooded and may be slowed by cold attacks.


Message History

Confirm with . or Enter, or press ? or * to list all spells.
Aiming: Magic Dart
Press: ? - help, Shift-Dir - straight line, f/p - Robin
Aim: Robin, wielding a dagger, wearing an animal skin, wearing a helmet and carrying a wand of flame (?/48) {zapped: 2} (heavily wounded, blind)
The magic dart hits Robin.
Robin is severely wounded.
Robin is no longer blind.
Robin hits you with a dagger.
You hit Robin but do no damage.
Robin is severely wounded.
Robin hits you with a dagger.
You hit Robin.
Robin is severely wounded.
Robin hits you but does no damage.
Robin zaps a wand.
The puff of flame hits you!
You barely miss Robin.
Robin is severely wounded.
Robin zaps a wand.
The puff of flame hits you!
* * * LOW HITPOINT WARNING * * *
Robin zaps a wand.
The puff of flame hits you!
You die...

##≈≈≈≈≈≈≈#....†#≈≈≈#
#≈≈≈.....#..)..#...#
#≈≈....(.#.....#.).#
#≈≈..##'##.))))##'##
#≈≈..#...#.....#...#
#≈≈..#...#).)†.#...#
#≈≈..#...#.....#...#
#≈≈..##'##....)##'##
#≈≈...#.....@.g....#
#≈≈...#............#
#≈≈...##########...#
#≈≈#### #...# #≈≈
gg)gg.†...# #≈≈
gg..g.'...#
###########


You could see Robin.

Vanquished Creatures
  A river rat (D:3)
  9 adders
  3 worms
  4 dart slugs
  3 orcs (D:3)
  4 ball pythons
  2 giant cockroaches
  24 goblins
  6 hobgoblins
  3 jackals (D:3)
  5 bats
  5 frilled lizards
  8 kobolds
  5 rats
82 creatures vanquished.

Notes
Turn   | Place    | Note
-------+----------+-------------------------------------------
     0 | D:1      | exaltech the Draconian Conjurer began the quest for the Orb.
     0 | D:1      | Reached XP level 1. HP: 14/14 MP: 3/3
   230 | D:1      | Reached XP level 2. HP: 18/20 MP: 0/5
   234 | D:1      | Learned a level 2 spell: Searing Ray
   926 | D:2      | Reached skill level 5 in Conjurations
   926 | D:2      | Reached XP level 3. HP: 26/26 MP: 2/6
   972 | D:2      | Found a glowing golden altar of the Shining One.
  1254 | D:2      | Reached XP level 4. HP: 33/33 MP: 4/7
  1496 | D:2      | Found a glowing golden altar of the Shining One.
  1650 | D:2      | Reached skill level 6 in Conjurations
  2200 | D:3      | Found a faded altar of an unknown god.
  2708 | D:3      | Noticed Robin
  2723 | D:3      | Reached XP level 5. HP: 38/38 MP: 3/8
  2830 | D:3      | Noticed an orc warrior
  3724 | D:3      | Learned a level 3 spell: Dazzling Spray
  3819 | D:3      | Killed from afar by Robin

Skill      XL: |  1  2  3  4 |
---------------+-------------+-----
Conjurations   | 5 6 |  6.7
Dodging        | |  1.7
Stealth        | |  1.7
Spellcasting   | |  2.0

Action                   |  1- 3 |  4- 6 || total
-------------------------+-------+-------++-------
Melee: Unarmed           |    14 |       ||    14
       Tailslap          |     1 |    12 ||    13
       Dagger            |     9 |    34 ||    43
       Staff             |       |    53 ||    53
 Cast: Magic Dart        |    44 |    81 ||   125
       Searing Ray       |     3 |     4 ||     7
       Dazzling Spray    |       |     1 ||     1
  Use: Scroll            |       |     8 ||     8
  Eat: Chunk             |     2 |     9 ||    11
Armor: Skin              |     6 |    32 ||    38
Dodge: Dodged            |    12 |    69 ||    81
